 Dungeon Crawl Stone Soup version 0.30.1-3-gfc49f6343a (webtiles) character file.

Game seed: 12271688416933587228

599 spardeous the Digger (level 6, -1/45 HPs)
             Began as a Demigod Earth Elementalist on July 20, 2023.
             Slain by Edmund
             ... wielding a +2 dire flail of protection
              (9 damage)
             ... on level 5 of the Dungeon.
             The game lasted 00:09:08 (3731 turns).

spardeous the Digger (Demigod Earth Elementalist)   Turns: 3731, Time: 00:09:09

Health: -1/45      AC:  7    Str: 13    XL:     6   Next: 96%
Magic:  0/13       EV: 11    Int: 21    God:
Gold:   189        SH:  0    Dex: 14    Spells: 2/10 levels left

rFire   . . .        (no weapon)
rCold   . . .        (no shield)
rNeg    . . .        e - +0 leather armour
rPois   .            l - +2 helmet
rElec   .            (no cloak)
rCorr   .            (no gloves)
SInv    .            j - +0 pair of boots
Will    .....        k - amulet of regeneration
Stlth   ++           d - ring of wizardry
HPRegen 1.07/turn    (no ring)
MPRegen 0.13/turn

%: wizardry (x1)
@: mighty
A: high MP 1, forlorn, divine attributes
a: no special abilities


You were on level 5 of the Dungeon.
You visited 1 branch of the dungeon, and saw 5 of its levels.

You collected 189 gold pieces.

Inventory:

Armour
 a - a +0 robe
 e - a +0 leather armour (worn)
 j - a +0 pair of boots (worn)
 l - a +2 helmet (worn)
Jewellery
 d - a ring of wizardry (left hand)
 k - an amulet of regeneration (around neck)
 r - the necklace of Bloodlust {Fury *Rage Will++ Int-3 Slay+6}
   (You found it on level 3 of the Dungeon)

   [amulet of nothing]

   Fury:      It extends the wearer's berserk rage when killing foes.
   Int:       It affects your intelligence (-3).
   Slay:      It affects your accuracy & damage with ranged weapons and melee
   (+6).
   *Rage:     It berserks you when you make melee attacks (+50% chance).
   Will:      It greatly increases your willpower.
 u - an amulet of reflection
 z - an amulet of magic regeneration
Wands
 y - a wand of polymorph (5)
Scrolls
 f - 3 scrolls of teleportation {unknown}
 g - 3 scrolls of identify {unknown}
 i - a scroll of poison {unknown}
 m - 2 scrolls of immolation {unknown}
 x - a scroll of enchant armour {unknown}
Potions
 b - a potion of magic
 c - a potion of degeneration {unknown}
 h - a potion of invisibility {unknown}
 n - 2 potions of might
 o - 3 potions of curing {unknown}
 p - 3 potions of cancellation {unknown}
 q - a potion of haste {unknown}
 s - 3 potions of flight {unknown}
 t - 4 potions of heal wounds {unknown}
 v - a potion of brilliance {unknown}
 w - 2 potions of berserk rage {unknown}
 A - a potion of lignification {unknown}


   Skills:
 - Level 1.7 Dodging
 - Level 1.7 Stealth
 - Level 2.7 Spellcasting
 + Level 1.4 Conjurations
 - Level 0.8 Transmutations
 - Level 7.0 Earth Magic


You had 2 spell levels left.
You knew the following spells:

 Your Spells              Type           Power      Damage    Failure   Level
a - Sandblast             Erth           64%        2d14      1%          1
b - Stone Arrow           Conj/Erth      40%        3d9       3%          3
c - Petrify               Tmut/Erth      19%        N/A       14%         4

Your spell library contained the following spells:

 Spells                   Type           Power      Damage    Failure   Level
 Passwall                 Tmut/Erth      15%        N/A       2%          2
 Foxfire                  Conj/Fire      20%        2x1d5     5%          1
 Animate Armour           Summ/Erth      34%        N/A       16%         4
 Blade Hands              Tmut           3%         N/A       77%         5
 Fireball                 Conj/Fire      2%         3d4       78%         5
 Iron Shot                Conj/Erth      10%        9d3       86%         6
 Plasma Beam              Fire/Air       1%         2x1d12    100%        6
 Starburst                Conj/Fire      2%         6d3       100%        6


Dungeon Overview and Level Annotations

Branches:
Dungeon (5/15)
 Temple: D:4-7

Annotations:
D:5 Edmund


Innate Abilities, Weirdness & Mutations

You have an increased reservoir of magic. (+10% MP)
You shall have no god before yourself.
Your divine heritage dramatically boosts your attributes as you level up.


Message History

Edmund hits you with a +2 dire flail of protection.
Casting: Sandblast (safe; 1% risk of failure)
Confirm with . or Enter, or press ? or * to list all spells.
You don't have enough magic to cast this spell.
Unknown command.
Okay, then.
Edmund attacks as you move away! Edmund closely misses you.
Okay, then.
Edmund attacks as you move away! Edmund misses you.
Edmund attacks as you move away!
Edmund hits you with a +2 dire flail of protection.
Edmund attacks as you move away!
Edmund hits you with a +2 dire flail of protection.
Casting: Sandblast (safe; 1% risk of failure)
Confirm with . or Enter, or press ? or * to list all spells.
Aiming: Sandblast (safe; 1% risk of failure)
Press: ? - help, Shift-Dir - straight line, f/p - Edmund
Aim: Edmund, wielding a +2 dire flail of protection and wearing a +0 ring mail (almost dead, 86% to hit)
The blast of sand hits Edmund but does no damage.
Edmund is almost dead.
Edmund hits you with a +2 dire flail of protection!
* * * LOW HITPOINT WARNING * * *
Edmund hits you with a +2 dire flail of protection!
* * * LOW HITPOINT WARNING * * *
Okay, then.
It was a potion of might.
You feel very mighty all of a sudden. Edmund closely misses you.
You hit Edmund but do no damage.
Edmund is almost dead.
Edmund hits you with a +2 dire flail of protection.
* * * LOW HITPOINT WARNING * * *
Okay, then.
You hit Edmund.
Edmund is almost dead.
Edmund misses you.
You hit Edmund but do no damage.
Edmund is almost dead.
Edmund hits you with a +2 dire flail of protection!
You die...

#..#### #######...
#....# #######...(...##
####### #...#
#.......######## #.....#
#..#####.####### #
#.....# #....##..#
#.....#####......######
##.........†........$...
..........######>######.
##.....##....###@#
#.....#####...#@#
###.### ###.#.#######
#.### #........... #...#
##........... ###.#
#..........# #.##
##....!....# #..####
#.........# ##....#
#.........#


You could see Edmund.

Vanquished Creatures
  An ogre (D:5)
  A jelly (D:4)
  5 hounds
  Jessica (D:2)
  Terence (D:2)
  A gnoll bouda (D:5)
  An orc wizard (D:3)
  5 gnolls
  10 adders
  A worm (D:3)
  A dart slug (D:2)
  15 orcs
  5 bats
  8 endoplasms
  3 giant cockroaches
  7 goblins
  5 hobgoblins
  3 jackals
  2 quokkas
  10 ball pythons
  A frilled lizard (D:1)
  12 kobolds
  2 rats
101 creatures vanquished.

Notes
Turn   | Place    | Note
-------+----------+-------------------------------------------
     0 | D:1      | spardeous the Demigod Earth Elementalist began the quest
                  | for the Orb.
     0 | D:1      | Reached XP level 1. HP: 14/14 MP: 5/5
    42 | D:1      | Reached skill level 3 in Earth Magic
   201 | D:1      | Reached XP level 2. HP: 20/20 MP: 5/7
   641 | D:1      | You fall into a shaft and drop 1 floor!
   704 | D:2      | Reached skill level 4 in Earth Magic
   704 | D:2      | Reached XP level 3. HP: 26/26 MP: 4/8
  1101 | D:2      | Noticed Terence
  1109 | D:2      | Killed Terence
  1110 | D:2      | Reached XP level 4. HP: 30/33 MP: 2/9
  1338 | D:2      | Noticed Jessica
  1341 | D:2      | Killed Jessica
  1342 | D:2      | Reached skill level 5 in Earth Magic
  1840 | D:3      | Found the necklace of Bloodlust {Fury *Rage Will++ Int-3
                  | Slay+6}
  1932 | D:3      | Reached XP level 5. HP: 38/38 MP: 7/10
  2617 | D:4      | Reached skill level 6 in Earth Magic
  3067 | D:5      | Entered Level 5 of the Dungeon
  3094 | D:5      | Reached XP level 6. HP: 45/45 MP: 4/11
  3201 | D:5      | Reached skill level 7 in Earth Magic
  3272 | D:5      | Noticed Edmund
  3304 | D:4      | Learned a level 3 spell: Stone Arrow
  3309 | D:4      | Learned a level 4 spell: Petrify
  3535 | D:5      | Reached skill level 1 in Conjurations
  3731 | D:5      | Slain by Edmund

Illustrated notes

Levels and vault maps discovered:
D:1:      enne_arrival_octagon_isle, layout_loops_cross, minmay_tromino_v4_b
D:2:      layout_loops_ring, hellmonk_ecumenical_altar_crossroads, uniq_jessica,
          uniq_terence
D:3:      layout_loops_ring, mainiacjoe_overflow_brackets
D:4:      layout_cave_pools, minmay_between
D:5:      layout_rooms, cheibrodos_gnoll_hut, uniq_edmund

Skill      XL: |  1  2  3  4  5  6 |
---------------+-------------------+-----
Earth Magic    | 3 4 5 6 7 |  7.0
Spellcasting   | 2 |  2.7
Conjurations   | 1 |  1.4
Dodging        | |  1.7
Stealth        | |  1.7
Transmutations | |  0.8

Action                     |  1- 3 |  4- 6 || total
---------------------------+-------+-------++-------
  Melee: Unarmed           |       |     9 ||     9
   Cast: Sandblast         |    57 |   106 ||   163
         Stone Arrow       |       |     4 ||     4
         Petrify           |       |     1 ||     1
    Use: Potion            |       |     1 ||     1
   Stab: Petrified         |       |     4 ||     4
 Armour: Leather armour    |     5 |    38 ||    43
  Dodge: Dodged            |    10 |    81 ||    91
